 Dungeon Crawl Stone Soup version 0.29-a0-819-g94b489e0ae (webtiles) character file.

Game seed: 15520609451095712892

252 Anon1729 the Slasher (level 5, -2/47 HPs)
             Began as a Minotaur Monk on July 6, 2022.
             Slain by a black bear (5 damage)
             ... on level 3 of the Dungeon.
             The game lasted 00:02:09 (3284 turns).

Anon1729 the Slasher (Minotaur Monk)                Turns: 3284, Time: 00:02:09

Health: -2/47      AC:  9    Str: 18    XL:     5   Next: 89%
Magic:  4/4        EV: 13    Int:  7    God:
Gold:   127        SH:  0    Dex: 18    Spells: 4/4 levels left

rFire   . . .      SeeInvis .   a - +0 falchion
rCold   . . .      Faith    .   (no shield)
rNeg    . . .      Spirit   .   k - +0 ring mail of the Trombone {rPois Str+3 Dex+3 Stlth+}
rPois   +          Reflect  .   (helmet restricted)
rElec   .          Harm     .   (no cloak)
rCorr   .          Rampage  .   (no gloves)
Will    .....                   (no boots)
Stlth   ++........              (no amulet)
HPRegen 0.15/turn               h - +4 ring of protection
MPRegen 0.09/turn               i - ring of wizardry

@: confused, ambrosia-drunk
A: horns 2, retaliatory headbutt
a: no special abilities


You were on level 3 of the Dungeon.
You visited 1 branch of the dungeon, and saw 3 of its levels.

You collected 127 gold pieces.

Inventory:

Hand Weapons
 a - a +0 falchion (weapon)
Armour
 b - a +0 robe
 k - the +0 ring mail of the Trombone (worn) {rPois Str+3 Dex+3 Stlth+}
   (You found it on level 2 of the Dungeon)

   Str:       It affects your strength (+3).
   Dex:       It affects your dexterity (+3).
   rPois:     It protects you from poison.
   Stlth:     It makes you more stealthy.
Jewellery
 h - a +4 ring of protection (left hand)
 i - a ring of wizardry (right hand)
Scrolls
 d - 4 scrolls of identify {unknown}
 f - a scroll of blinking {unknown}
 g - a scroll of enchant armour {unknown}
 j - 2 scrolls of magic mapping {unknown}
 m - a scroll of immolation {unknown}
 n - a scroll of brand weapon {unknown}
Potions
 e - a potion of attraction {unknown}
 l - 2 potions of heal wounds {unknown}
 o - a potion of haste {unknown}
 p - a potion of might {unknown}


   Skills:
 + Level 4.9 Fighting
 + Level 5.0 Long Blades
 + Level 1.3 Armour
 + Level 4.5 Dodging
 + Level 3.0 Stealth


You had 4 spell levels left.
You didn't know any spells.
Your spell library contained the following spells:

 Spells                   Type           Power      Damage    Failure   Level
 Conjure Flame            Conj/Fire      0%         6-21      65%         3
 Ignite Poison            Fire/Tmut/Pois 0%         N/A       65%         3
 Sticky Flame             Conj/Fire      0%         2d3       96%         4


Dungeon Overview and Level Annotations

Branches:
Dungeon (3/15)

Altars:
Fedhas


Innate Abilities, Weirdness & Mutations

You have a pair of horns on your head.
You reflexively headbutt those who attack you in melee.


Message History

You are too injured to fight recklessly!
You are too injured to fight recklessly!
You are too injured to fight recklessly!
You are too injured to fight recklessly!
You hit the black bear.
The black bear is severely wounded.
The black bear completely misses you. The black bear misses you.
The black bear claws you but does no damage.
The ball python bites you. The ball python misses you.
The ball python constricts you. The black bear bites you!
* * * LOW HITPOINT WARNING * * *
The black bear claws you.
* * * LOW HITPOINT WARNING * * *
The black bear closely misses you. The ball python bites you.
* * * LOW HITPOINT WARNING * * *
You hit the black bear.
The black bear is almost dead.
The ball python misses you. You furiously retaliate!
You headbutt the ball python!
You kill the ball python!
The black bear bites you but does no damage.
The black bear closely misses you.
The black bear claws you but does no damage.
The ball python completely misses you. The ball python grabs you.
The ball python constricts you. The black bear bites you.
* * * LOW HITPOINT WARNING * * *
The black bear claws you but does no damage.
The black bear claws you.
* * * LOW HITPOINT WARNING * * *
You are confused.
You feel invigorated. The ball python bites you.
* * * LOW HITPOINT WARNING * * *
The ball python constricts you. The black bear closely misses you.
The black bear claws you.
* * * LOW HITPOINT WARNING * * *
The black bear claws you but does no damage.
You escape the ball python's grasp.
The black bear attacks as you move away!
The black bear bites you.
You die...

#######.# #.# .(. ##.#
#.# $.## ######..## #.#
#.. .[.......#
#.###.#####
######.#.###.#.......###
..#.....#.......... ##
#.#####....†S...?#
.####........./.@h...#
.#.....####....#.#####
.....###....##.#.#
.........#..##.#.#
...........###.#.#
.#...............#
.#...#...####.#..#
.#.#...#.# ..#..
....##.....### #


You could see a black bear (berserk) and a ball python.

Vanquished Creatures
  3 orc priests
  An orc wizard (D:3)
  4 gnolls (D:3)
  3 adders (D:2)
  7 dart slugs
  6 orcs
  4 ball pythons
  4 endoplasms
  4 giant cockroaches (D:1)
  3 hobgoblins
  4 jackals (D:1)
  A quokka (D:2)
  4 bats
  6 frilled lizards
  3 kobolds
  4 rats
61 creatures vanquished.

Notes
Turn   | Place    | Note
-------+----------+-------------------------------------------
     0 | D:1      | Anon1729 the Minotaur Monk began the quest for the Orb.
     0 | D:1      | Reached XP level 1. HP: 19/19 MP: 0/0
   321 | D:1      | Reached XP level 2. HP: 13/27 MP: 1/1
   934 | D:1      | Reached skill level 4 in Long Blades
  1053 | D:1      | Reached XP level 3. HP: 33/33 MP: 2/2
  1876 | D:2      | Reached XP level 4. HP: 38/41 MP: 3/3
  2062 | D:2      | Identified the +0 ring mail of the Trombone {rPois Str+3
                  | Dex+3 Stlth+}
  2166 | D:2      | Reached XP level 5. HP: 47/47 MP: 4/4
  2930 | D:3      | Identified the +1 helmet of Discretion {-Tele Int+6}
  3010 | D:3      | Found a blossoming altar of Fedhas.
  3093 | D:3      | Reached skill level 1 in Armour
  3104 | D:3      | Reached skill level 5 in Long Blades
  3265 | D:3      | Noticed a black bear
  3282 | D:3      | HP: 1/47 [black bear (3)]
  3284 | D:3      | Slain by a black bear

Illustrated notes

Levels and vault maps discovered:
D:1:      grunt_arrival_crossed_arrows, layout_basic, st_stairs_2
D:2:      cheibrodos_pilgrimage, layout_basic
D:3:      layout_rooms, fedhas_ov_isle_minmay, nicolae_ecumenical_snake_handling

Skill      XL: |  1  2  3  4  5 |
---------------+----------------+-----
Long Blades    | 4 5 |  5.0
Stealth        | 2 3 |  3.0
Fighting       | 4 |  4.9
Dodging        | 4 |  4.5
Armour         | 1 |  1.3

Action                   |  1- 3 |  4- 6 || total
-------------------------+-------+-------++-------
Melee: Falchion          |    70 |    77 ||   147
       Headbutt          |     6 |    10 ||    16
       Punch             |     1 |       ||     1
  Use: Potion            |       |     1 ||     1
 Stab: Sleeping          |     5 |    12 ||    17
Armor: Robe              |    23 |     3 ||    26
       Ring mail         |       |    31 ||    31
Dodge: Dodged            |    56 |    60 ||   116

Table legend: (Time is in decaauts)
 A = Elapsed time spent in this place.
 B = Non-inter-level travel time spent in this place.
 C = Inter-level travel time spent in this place.
 D = Time resting spent in this place.
 E = Time spent auto-exploring this place.
 F = Levels seen in this place.
 G = Mean time per level.
                   A        B        C        D        E       F      G
               +--------+--------+--------+--------+--------+-----+--------+
         Total |   3295 |   3241 |     54 |    327 |   2457 |   3 | 1098.3 |
       Dungeon |   3295 |   3241 |     54 |    327 |   2457 |   3 | 1098.3 |
               +--------+--------+--------+--------+--------+-----+--------+

Top non-repeatable levels by time:
     D:1: 1537 daAuts
     D:2: 1205 daAuts
     D:3: 553 daAuts
